 Dungeon Crawl Stone Soup version 0.23.2 (webtiles) character file.

Game seed: 14880795229709901971

21 Goblin1989 the Vexing (level 2, -1/20 HPs)
             Began as a Demonspawn Enchanter on Apr 3, 2019.
             Slain by a hobgoblin
             ... wielding a +0 club
              (4 damage)
             ... on level 1 of the Dungeon.
             The game lasted 00:01:40 (542 turns).

Goblin1989 the Vexing (Demonspawn Enchanter)         Turns: 542, Time: 00:01:41

Health: -1/20      AC:  2    Str:  8    XL:     2   Next: 65%
Magic:  0/5        EV:  9    Int: 16    God:
Gold:   35         SH:  6    Dex: 13    Spells: 4/5 levels left

rFire    . . .     SeeInvis .   a - +1 dagger
rCold    . . .     Gourm    .   h - +0 shield
rNeg     . . .     Faith    .   b - +0 robe
rPois    .         Spirit   +   (no helmet)
rElec    .         Reflect  .   f - scarf {Spirit}
rCorr    .         Harm     .   (no gloves)
MR       .....                  (no boots)
Stlth    ++........             (no amulet)
HPRegen  0.06/turn              (no ring)
MPRegen  0.09/turn              (no ring)

@: no status effects
A: talons 1
a: no special abilities


You were on level 1 of the Dungeon.
You were not hungry.

You visited 1 branch of the dungeon, and saw 1 of its levels.

You collected 35 gold pieces.

Inventory:

Hand Weapons
 a - a +1 dagger (weapon)
Armour
 b - a +0 robe (worn)
 f - a scarf of spirit shield (worn)
 h - a +0 shield (worn)
Scrolls
 i - 2 scrolls of identify {unknown}
 l - a scroll of teleportation {unknown}
Potions
 j - 2 potions of flight {unknown}
 k - a potion of haste {unknown}
 m - a potion of resistance {unknown}
 n - a potion of agility {unknown}
Comestibles
 e - 2 rations
 g - 3 chunks of flesh


   Skills:
 + Level 0.3 Fighting
 * Level 2.1 Short Blades
 + Level 1.9 Dodging
 - Level 2.6 Stealth
 + Level 0.3 Shields
 - Level 2.0 Spellcasting
 - Level 3.0 Hexes


You had 4 spell levels left.
You knew the following spells:

 Your Spells              Type           Power        Failure   Level  Hunger
a - Corona                Hex            ##.....      36%         1    #......

Your spell library contained the following spells:

 Spells                   Type           Power        Failure   Level  Hunger
 Ensorcelled Hibernation  Hex/Ice        #.....       73%         2    ###....
 Confuse                  Hex            ##......     75%         3    ###....
 Tukima's Dance           Hex            ##......     75%         3    ###....
 Dazzling Spray           Conj/Hex       #.....       91%         3    ###....


Dungeon Overview and Level Annotations

Branches:
Dungeon (1/15)

Altars:


Innate Abilities, Weirdness & Mutations

You have sharp toenails.


Message History

There are monsters nearby!
A rat comes into view.
The kobold throws a stone.
The stone closely misses you.
The kobold throws a stone.
The stone hits you but does no damage.
You see here a stone.
A hobgoblin comes into view. It is wielding a +0 club.
The hobgoblin shouts!
You hear a shout!
The kobold throws a stone.
The stone hits you.
A hobgoblin comes into view.
You see here a stone.
The kobold throws a stone.
The stone hits you but does no damage. The kobold hits you with a +0 club.
You see here a stone.
You hit the kobold.
The kobold is moderately wounded.
A jackal comes into view.
The kobold hits you with a +0 club.
You barely miss the kobold.
The jackal barks!
Your kick misses the kobold.
The kobold is moderately wounded.
A jackal comes into view.
You barely miss the kobold.
The kobold is moderately wounded.
The jackal barks!
The kobold hits you but does no damage.
You hit the kobold.
You kill the kobold!
You closely miss the hobgoblin.
The hobgoblin hits you but does no damage.
The kobold hits you.
You are too injured to fight recklessly!
You are too injured to fight recklessly!
You are too injured to fight recklessly!
You are too injured to fight recklessly!
You are too injured to fight recklessly!
You are too injured to fight recklessly!
You take 8 damage, and have 11/20 hp.
MASSIVE DAMAGE!!
You now have 3/5 mp.
You are too injured to fight recklessly!
You are too injured to fight recklessly!
You are too injured to fight recklessly!
You are too injured to fight recklessly!
You are too injured to fight recklessly!
You are too injured to fight recklessly!
You are too injured to fight recklessly!
You are too injured to fight recklessly!
You are too injured to fight recklessly!
You are too injured to fight recklessly!
You are too injured to fight recklessly!
You are too injured to fight recklessly!
You are too injured to fight recklessly!
You are too injured to fight recklessly!
You are too injured to fight recklessly!
You are too injured to fight recklessly!
You are too injured to fight recklessly!
You are too injured to fight recklessly!
You are too injured to fight recklessly!
You are too injured to fight recklessly!
You are too injured to fight recklessly!
You are too injured to fight recklessly!
Unknown command.
The kobold hits you but does no damage.
You see here a stone.
You see here a stone.
You see here a stone.
You see here a stone.
You hit the rat but do no damage. The rat closely misses you.
You hit the rat.
You kill the rat!
You hit the kobold but do no damage. The kobold hits you.
* * * LOW HITPOINT WARNING * * *
You take 2 damage, and have 9/20 hp.
You now have 3/5 mp.
You hit the kobold.
The kobold is severely wounded.
The kobold misses you.
You closely miss the kobold.
The kobold is severely wounded.
You block the kobold's attack.
You barely miss the kobold. You claw the kobold, but do no damage.
The kobold is severely wounded.
You block the kobold's attack.
You hit the kobold.
You kill the kobold!
You hit the hobgoblin but do no damage. The hobgoblin hits you with a +0 club.
* * * LOW HITPOINT WARNING * * *
You take 3 damage, and have 7/20 hp.
You now have 2/5 mp.
Your shield prevents you from hitting the hobgoblin.
The hobgoblin hits you with a +0 club.
* * * LOW HITPOINT WARNING * * *
You take 4 damage, and have 3/20 hp.
You hit the hobgoblin.
The hobgoblin is moderately wounded.
The hobgoblin barely misses you.
You barely miss the hobgoblin.
The hobgoblin is moderately wounded.
You block the hobgoblin's attack.
You hit the hobgoblin.
The hobgoblin is severely wounded.
The hobgoblin hits you with a +0 club.
You die...

█..........█ ████████........
█.████████.█ █......▲........
█.████████.████.█.████........
.............██.█.██.█........
█.█.██████.█.██.█..█.█).......
....................>█gg......
..█.██████.██.█......█(.......
███.█ █.██..█████.█(....... ..█.█
█......@gghh(.███████
█.█.██████████.█████▲████████████
█.█..................)...........
█.████████████.█.....)...........
█.████.......█...................
█......███.......................
███████████████..███.█████...÷..█
████.................█ █.......
≈≈≈≈............████.█ █.....█.


You could see 2 jackals and 2 hobgoblins.

Vanquished Creatures
  An ooze (D:1)
  A ball python (D:1)
  3 goblins (D:1)
  3 hobgoblins (D:1)
  4 kobolds (D:1)
  A bat (D:1)
  2 frilled lizards (D:1)
  3 rats (D:1)
18 creatures vanquished.

Notes
Turn   | Place    | Note
-------+----------+-------------------------------------------
     0 | D:1      | Goblin1989 the Demonspawn Enchanter began the quest for the
                  | Orb.
     0 | D:1      | Reached XP level 1. HP: 13/13 MP: 3/3
    69 | D:1      | Reached skill level 1 in Short Blades
   200 | D:1      | Gained mutation: You have sharp toenails. [demonic
                  | ancestry]
   200 | D:1      | Reached XP level 2. HP: 18/19 MP: 3/5
   542 | D:1      | Slain by a hobgoblin

Skill      XL: |  1  2 |
---------------+-------+-----
Short Blades   | 1 2 |  2.1
Fighting       | |  0.3
Dodging        | |  1.9
Stealth        | |  2.6
Shields        | |  0.3
Spellcasting   | |  2.0
Hexes          | |  3.0

Action                   || total
-------------------------++-------
Melee: Dagger            ||    52
       Kick              ||     4
 Stab: Sleeping          ||     4
Armor: Robe              ||    11
Dodge: Dodged            ||    16
Block: Shield            ||     3

Levels and vault maps discovered:
D:1:      dpeg_arrival_chase, layout_basic, kennysheep_doodads
